 Dungeon Crawl Stone Soup version 0.29-a0-194-g6e3aafee17 (webtiles) character file.

Game seed: 344647883665643595

543 Zeldest the Stinger (level 7, -11/35 HPs)
             Began as a Vine Stalker Venom Mage on Feb 22, 2022.
             Was an Initiate of Cheibriados.
             Mangled by an ogre
             ... wielding a +0 giant spiked club
              (19 damage)
             ... on level 5 of the Dungeon.
             The game lasted 00:13:54 (1895 turns).

Zeldest the Stinger (Vine Stalker Venom Mage)       Turns: 1895, Time: 00:13:55

Health: -11/35     AC:  4    Str: 11    XL:     7   Next: 27%
Magic:  0/11       EV: 12    Int: 18    God:    Cheibriados [......]
Gold:   159        SH:  0    Dex: 16    Spells: 4/10 levels left

rFire   + . .      SeeInvis .   b - +1 dagger (venom)
rCold   + . .      Faith    .   (no shield)
rNeg    . . .      Spirit   +   i - +2 robe {rF+}
rPois   .          Reflect  .   (no helmet)
rElec   .          Harm     .   (no cloak)
rCorr   .          Rampage  .   (no gloves)
Will    +....                   (no boots)
Stlth   ++........              l - amulet of magic regeneration
HPRegen 0.91/turn               d - ring of willpower
MPRegen 0.52/turn               p - ring of protection from cold

@: very slow
A: fangs 2, regeneration 1, magic shield, antimagic bite, no potion heal 2
a: Renounce Religion


You were on level 5 of the Dungeon.
You worshipped Cheibriados.
Cheibriados was noncommittal.
You visited 2 branches of the dungeon, and saw 6 of its levels.

You collected 159 gold pieces.

Inventory:

Hand Weapons
 b - a +1 dagger of venom (weapon)
Armour
 a - a +0 robe
 i - a +2 robe of fire resistance (worn)
Jewellery
 d - a ring of willpower (left hand)
 l - an amulet of magic regeneration (around neck)
 m - a +6 ring of strength
 p - a ring of protection from cold (right hand)
Scrolls
 c - 2 scrolls of identify {unknown}
 f - a scroll of holy word {unknown}
 g - a scroll of fear {unknown}
Potions
 e - a potion of invisibility {unknown}
 h - a potion of degeneration {unknown}
 j - a potion of magic {unknown}
 k - a potion of lignification {unknown}
 n - a potion of flight {unknown}
 o - 2 potions of might {unknown}


   Skills:
 - Level 2.9 Fighting
 - Level 1.5 Dodging
 - Level 2.4 Stealth
 - Level 3.3 Unarmed Combat
 - Level 2.1 Spellcasting
 + Level 0.4 Conjurations
 - Level 3.3 Transmutations
 + Level 1.4 Air Magic
 + Level 4.8 Poison Magic
 + Level 0.5 Invocations


You had 4 spell levels left.
You knew the following spells:

 Your Spells              Type           Power      Damage    Failure   Level
a - Sting                 Tmut/Pois      64%        1d6       3%          1
b - Poisonous Vapours     Pois/Air       26%        N/A       8%          2
c - Mephitic Cloud        Conj/Pois/Air  10%        N/A       22%         3

Your spell library contained the following spells:

 Spells                   Type           Power      Damage    Failure   Level
 Ignite Poison            Fire/Tmut/Pois 11%        N/A       17%         3
 Olgreb's Toxic Radiance  Pois           19%        N/A       24%         4
 Frozen Ramparts          Ice            2%         1d2       47%         3
 Gell's Gravitas          Tloc           1%         N/A       47%         3
 Lesser Beckoning         Tloc           1%         N/A       47%         3
 Teleport Other           Tloc           1%         N/A       47%         3
 Ice Form                 Ice/Tmut       7%         N/A       65%         4
 Summon Ice Beast         Ice/Summ       1%         N/A       87%         4
 Freezing Cloud           Conj/Ice/Air   2%         6-21      98%         5


Dungeon Overview and Level Annotations

Branches:
Dungeon (5/15)             Temple (1/1) D:4

Altars:
Ashenzari
Cheibriados
Dithmenos
Elyvilon
Fedhas
Gozag
Kikubaaqudgha
Makhleb
Nemelex Xobeh
Okawaru
Ru
Trog
Uskayaw
Wu Jian
Xom
Yredelemnul
Zin


Innate Abilities, Weirdness & Mutations

You have extremely sharp teeth.
Your natural rate of healing is unusually fast.
When hurt, damage is shared between your health and your magic reserves.
Your bite disrupts and absorbs the magic of your enemies.
Potions cannot restore your health.


Message History

The ogre misses you.
There is an open door here.
The ogre hits you with a +0 giant spiked club!
The ogre closely misses you.
There is an open door here.
The ogre closely misses you. The ogre closely misses you.
There is an open door here.
The ogre hits you with a +0 giant spiked club!!
Ouch! That really hurt!
You aren't carrying any items that you can evoke.
Unknown command.
Casting: Sting (safe; 3% risk of failure)
Confirm with . or Enter, or press ? or * to list all spells.
Okay, then.
Casting: Sting (safe; 3% risk of failure)
Confirm with . or Enter, or press ? or * to list all spells.
The spell is quite dangerous to miscast (22% risk of failure)!
Continue anyway?
Aiming: Mephitic Cloud (quite dangerous; 22% risk of failure)
Press: ? - help, Shift-Dir - straight line, f - ogre
Aim: an ogre, wielding a +0 giant spiked club (chance to affect: 77%) That beam is likely to hit you.
Continue anyway?
Okay, then.
The ogre hits you with a +0 giant spiked club!
* * * LOW HITPOINT WARNING * * *
You aren't carrying any items that you can evoke.
Unknown command.
Casting: Mephitic Cloud (quite dangerous; 22% risk of failure)
Confirm with . or Enter, or press ? or * to list all spells.
Okay, then.
Casting: Mephitic Cloud (quite dangerous; 22% risk of failure)
Confirm with . or Enter, or press ? or * to list all spells.
The spell is quite dangerous to miscast (22% risk of failure)!
Continue anyway?
Aiming: Mephitic Cloud (quite dangerous; 22% risk of failure)
Press: ? - help, Shift-Dir - straight line, p - ogre The ball explodes into a vile cloud!
The stinking cloud engulfs the ogre but does no damage.
The ogre hits you with a +0 giant spiked club!!
Ouch! That really hurt!
You die...

#...#.... #### #.### ##
#..######'#########
#.........'........
#)........#........ ##.
##'##.##.†######..#
#...##..##.##'#######..#
#..........○.....#......
##.....@O☼☼☼.....#......
#######...##..####.##..
#...##..# #. ###
......+.... ..+...
......#...... #...
.##...##..#### ##.#
#..$# # ....


You could see an ogre.

Vanquished Creatures
  Sigmund (D:3)
  A necrophage (D:4)
  A bullfrog zombie (D:4)
  2 hounds
  An orc priest (D:3)
  An iguana (D:5)
  2 orc wizards (D:3)
  3 adders
  An ufetubus (D:4)
  2 dart slugs
  3 orcs
  7 ball pythons
  8 endoplasms
  4 giant cockroaches
  8 goblins
  7 hobgoblins
  6 jackals
  6 kobolds
  4 quokkas
  6 bats
  3 frilled lizards
  6 rats
83 creatures vanquished.

Notes
Turn   | Place    | Note
-------+----------+-------------------------------------------
     0 | D:1      | Zeldest the Vine Stalker Venom Mage began the quest for the
                  | Orb.
     0 | D:1      | Reached XP level 1. HP: 9/9 MP: 4/4
    27 | D:1      | Reached XP level 2. HP: 9/14 MP: 4/6
   221 | D:1      | Reached skill level 1 in Unarmed Combat
   221 | D:1      | Reached XP level 3. HP: 10/17 MP: 4/7
   333 | D:1      | Learned a level 2 spell: Poisonous Vapours
   337 | D:1      | Learned a level 3 spell: Mephitic Cloud
   451 | D:2      | Reached skill level 1 in Fighting
   574 | D:2      | Gained mutation: Your natural rate of healing is unusually
                  | fast. [Vine Stalker growth]
   574 | D:2      | Reached XP level 4. HP: 7/22 MP: 0/8
   908 | D:3      | Found a faded altar of an unknown god.
   989 | D:3      | Noticed Sigmund
  1014 | D:3      | Killed Sigmund
  1015 | D:3      | Reached skill level 4 in Poison Magic
  1015 | D:3      | Reached XP level 5. HP: 14/27 MP: 1/9
  1015 | D:3      | Reached XP level 6. HP: 16/31 MP: 1/10
  1284 | D:4      | Found a staircase to the Ecumenical Temple.
  1304 | Temple   | Entered the Ecumenical Temple
  1336 | Temple   | Became a worshipper of Cheibriados the Contemplative
  1673 | D:4      | Noticed a necrophage
  1685 | D:4      | Killed a necrophage
  1686 | D:4      | Reached skill level 1 in Air Magic
  1686 | D:4      | Reached XP level 7. HP: 28/35 MP: 9/11
  1764 | D:5      | Entered Level 5 of the Dungeon
  1895 | D:5      | Mangled by an ogre

Illustrated notes

Levels and vault maps discovered:
D:1:      dpeg_arrival_court, layout_basic, minmay_ruptured
D:2:      layout_loops_ring, minmay_domino_2
D:3:      layout_loops_corners, chequers_ecumenical_altar_grove, uniq_sigmund
D:4:      layout_loops_ring, temple_pool_b
D:5:      layout_gridville
Temple:   grunt_wide_crystal_templ

Skill      XL: |  1  2  3  4  5  6 |
---------------+-------------------+-----
Unarmed Combat | 1 2 3 |  3.3
Fighting       | 1 2 |  2.9
Transmutations | 2 3 |  3.3
Poison Magic   | 4 |  4.8
Air Magic      | 1 |  1.4
Dodging        | |  1.5
Stealth        | |  2.4
Spellcasting   | |  2.1
Conjurations   | |  0.4
Invocations    | |  0.5

Action                   |  1- 3 |  4- 6 |  7- 9 || total
-------------------------+-------+-------+-------++-------
Melee: Unarmed           |    21 |       |       ||    21
       Bite              |     9 |    17 |       ||    26
       Dagger            |    22 |    85 |     2 ||   109
       Punch             |     2 |     1 |       ||     3
 Cast: Sting             |    22 |    16 |     5 ||    43
       Poisonous Vapours |     5 |    19 |     7 ||    31
       Mephitic Cloud    |       |       |     1 ||     1
 Stab: Sleeping          |     5 |     5 |       ||    10
Armor: Robe              |     6 |    16 |     2 ||    24
Dodge: Dodged            |    38 |    51 |     9 ||    98

Table legend: (Time is in decaauts)
 A = Elapsed time spent in this place.
 B = Non-inter-level travel time spent in this place.
 C = Inter-level travel time spent in this place.
 D = Time resting spent in this place.
 E = Time spent auto-exploring this place.
 F = Levels seen in this place.
 G = Mean time per level.
                   A        B        C        D        E       F      G
               +--------+--------+--------+--------+--------+-----+--------+
         Total |   2034 |   1985 |     49 |      0 |      0 |   6 |  339.0 |
       Dungeon |   1991 |   1942 |     49 |      0 |      0 |   5 |  398.2 |
        Temple |     42 |     42 |      0 |      0 |      0 |   1 |   42.0 |
               +--------+--------+--------+--------+--------+-----+--------+

Top non-repeatable levels by time:
     D:4: 575 daAuts
     D:3: 473 daAuts
     D:1: 421 daAuts
     D:2: 355 daAuts
     D:5: 165 daAuts
  Temple: 42 daAuts
